 Dungeon Crawl Stone Soup version 0.23-a0-667-gc184e93 (console) character file.

172 Duffy the Conjurer (level 5, 22/35 HPs)
             Began as a Demonspawn Fire Elementalist on Jan 8, 2019.
             Quit the game on level 2 of the Dungeon.
             The game lasted 00:00:46 (493 turns).

Duffy the Conjurer (Demonspawn Fire Elementalist)    Turns: 493, Time: 00:00:48

Health: 22/35      AC:  2    Str:  8    XL:     5   Next: 27%
Magic:  2/8        EV: 12    Int: 18    God:
Gold:   0          SH:  0    Dex: 13    Spells: 7/8 levels left

rFire    . . .     SeeInvis .   (no weapon)
rCold    . . .     Gourm    .   (no shield)
rNeg     . . .     Faith    .   a - +0 robe
rPois    .         Spirit   .   (no helmet)
rElec    .         Reflect  .   (no cloak)
rCorr    .         Harm     .   (no gloves)
MR       .....                  (no boots)
Stlth    ++........             (no amulet)
HPRegen  1.11/turn              (no ring)
MPRegen  0.11/turn              (no ring)

@: no status effects
A: powered by death 1, sturdy frame 1
a: no special abilities


You were on level 2 of the Dungeon.
You were not hungry.

You visited 1 branch of the dungeon, and saw 2 of its levels.

Inventory:

Armour
 a - a +0 robe (worn)
Scrolls
 e - a scroll of identify {unknown}
Comestibles
 c - 2 rations


   Skills:
 - Level 1.7 Dodging
 - Level 1.7 Stealth
 - Level 2.0 Spellcasting
 + Level 5.2 Conjurations
 - Level 2.6 Fire Magic


You had 7 spell levels left.
You knew the following spells:

 Your Spells              Type           Power        Failure   Level  Hunger
h - Flame Tongue          Conj/Fire      ###..        3%          1    #......

Your spell library contained the following spells:

 Spells                   Type           Power        Failure   Level  Hunger
 Throw Flame              Conj/Fire      ###...       5%          2    ###....
 Conjure Flame            Conj/Fire      ###.....     11%         3    ###....
 Inner Flame              Hex/Fire       #.......     30%         3    ###....
 Sticky Flame             Conj/Fire      ###.....     34%         4    #####..
 Fireball                 Conj/Fire      ###.......   69%         5    ######.


Dungeon Overview and Level Annotations

Branches:
Dungeon (2/15)

Altars:

Annotations:
D:2 exclusions: adder and worm


Innate Abilities, Weirdness & Mutations

You regenerate a little health from kills.
Your movements are slightly less encumbered by armour. (ER -2)


Message History

Aiming: Flame Tongue (safe; 7% risk of failure)
Press: ? - help, Shift-Dir - straight line, f - you The flame tongue hits something.
Something hits you!
Casting: Flame Tongue (safe; 7% risk of failure)
Confirm with . or Enter, or press ? or * to list all spells.
Aiming: Flame Tongue (safe; 7% risk of failure)
Press: ? - help, Shift-Dir - straight line, f - you The flame tongue hits something.
Reactivating autopickup.
Your Conjurations skill gained 3 levels and is now at level 5!
You have reached level 3!
Your experience leads to an increase in your attributes!
Increase (S)trength, (I)ntelligence, or (D)exterity?
You feel clever.
You have reached level 4!
You feel clever.
Your demonic ancestry asserts itself...
You feel less encumbered by your armour.
You have reached level 5!
You feel a bit more experienced.
Are you sure you want to abandon this character and quit the game? (Confirm

##...#########.#.#
#. ##.....## # #..
#. ##.......## #
##. #. #.........#
#...##.##.
+.....[...+
..........
#.........#
#....#.###
##.......## ##. #.
##.....## .w
##.@.## ... ##'##
..S. #)# ...## #.#
#... #.# ... ...
...


There were no monsters in sight!

Vanquished Creatures
  Sigmund (D:2)
  An adder (D:2)
  A ball python (D:2)
  3 bats
  A hobgoblin (D:2)
  A frilled lizard (D:2)
  2 rats
10 creatures vanquished.

Notes
Turn   | Place    | Note
-------+----------+-------------------------------------------
     0 | D:1      | Duffy the Demonspawn Fire Elementalist began the quest for
                  | the Orb.
     0 | D:1      | Reached XP level 1. HP: 13/13 MP: 3/3
    15 | D:1      | You fall through a shaft!
   188 | D:2      | Reached skill level 2 in Conjurations
   188 | D:2      | Gained mutation: You regenerate a little health from kills.
                  | [demonic ancestry]
   188 | D:2      | Reached XP level 2. HP: 15/19 MP: 1/5
   354 | D:2      | Noticed Sigmund
   492 | D:2      | Killed Sigmund
   492 | D:2      | Reached skill level 5 in Conjurations
   492 | D:2      | Reached XP level 3. HP: 14/24 MP: 2/6
   492 | D:2      | Gained mutation: Your movements are slightly less
                  | encumbered by armour. (ER -2) [demonic ancestry]
   492 | D:2      | Reached XP level 4. HP: 18/30 MP: 2/7
   492 | D:2      | Reached XP level 5. HP: 21/35 MP: 2/8
   493 | D:2      | Quit the game

Vault maps used:
D:1:      mushboom_english_gardens, minmay_tetromino_s2
D:2:      nicolae_ru_path_of_blood, uniq_terence, uniq_sigmund

Skill      XL: |  1  2 |
---------------+-------+-----
Conjurations   | 2 5 |  5.2
Dodging        | |  1.7
Stealth        | |  1.7
Spellcasting   | |  2.0
Fire Magic     | |  2.6

Action                   |  1- 3 |  4- 6 || total
-------------------------+-------+-------++-------
 Cast: Flame Tongue      |    22 |     1 ||    23
  Use: Potion            |     1 |       ||     1
Dodge: Dodged            |     9 |       ||     9

Table legend:
 A = Non-vault XP
 B = Vault XP
 C = Vault XP percentage of total XP
 D = Non-vault monster count
 E = Vault monster count
 F = Vault count percentage of total count
                 A         B        C        D         E       F
            +---------+---------+-------+---------+---------+-------
      Total |      24 |     223 |  90.3 |       9 |       1 |  10.0
            +---------+---------+-------+---------+---------+-------
        D:1 |       3 |       0 |   0.0 |       2 |       0 |   0.0
        D:2 |      21 |     223 |  91.4 |       7 |       1 |  12.5
            +---------+---------+-------+---------+---------+-------
